 Dungeon Sprint DCSS version 0.30-a0-390-g80c34de65d (webtiles) character file.

Game seed: 12578280878011631335

917 mhtbhm the Protected (level 7, -2/103 (109) HPs)
             Began as an Armataur Fighter on Dec 4, 2022.
             Was an Elder of Trog.
             Killed from afar by a deep elf knight (17 damage)
             ... with a lance of force
             ... in the Dungeon (Sprint V: "Ziggurat Sprint").
             The game lasted 00:02:11 (393 turns).

mhtbhm the Protected (Armataur Fighter)              Turns: 393, Time: 00:02:12

HP:   -2/103 (109)  AC: 19    Str: 36    XL:     7   Next: 83%
MP:   7/7           EV:  0    Int:  8    God:    Trog [****..]
Gold: 0             SH: 28    Dex:  9    Spells: 6/6 levels left

rFire   + + .      SeeInvis +    a - +14 obsidian axe {vorpal, Mesm Drain Fly SInv}
rCold   + + .      Faith    .    c - +18 shield of the Gong {rElec rN+ Will+ EV-5}
rNeg    + . .      Spirit   .    b - +5 gold dragon scales
rPois   +          Reflect  .    (no helmet)
rElec   +          Harm     .    s - scarf {rC+ rF+}
rCorr   .          Roll     +    (no gloves)
Will    +....      NoTele   +    (no barding)
Stlth   ..........               (no amulet)
HPRegen 0.37/turn                x - +6 ring of strength
MPRegen 0.10/turn                y - +6 ring of strength

@: berserking, flying, mesmerised, drained, very quick
A: large, rugged brown scales 3, deformed body, armoured tail, roll, long
tongue, awkward tongue
a: Renounce Religion, Berserk, Trog's Hand, Brothers in Arms


You were in the Dungeon.
You worshipped Trog.
Trog was greatly pleased with you.
You visited 1 branch

Inventory:

Hand Weapons
 a - the +14 obsidian axe (weapon) {vorpal, Mesm Drain Fly SInv}
   (You found it in the Dungeon)

   It inflicts extra damage upon your enemies.
   It occasionally summons demons to assist the wielder when it strikes in
   combat.
   Its wielder is mesmerised by any visible foes.
   It cannot be unequipped while any foes are visible.
   SInv:      It lets you see invisible.
   Fly:       It grants you flight.
   Drain:     It drains your maximum health when unequipped.
Armour
 b - +5 gold dragon scales (worn)
 c - the +18 shield of the Gong (worn) {rElec rN+ Will+ EV-5}
   (You found it in the Dungeon)

   It is deafeningly noisy when blocking attacks.
   EV:        It affects your evasion (-5).
   rElec:     It insulates you from electricity.
   rN:        It protects you from negative energy.
   Will:      It increases your willpower.
 s - a scarf of resistance (worn)
 t - the +0 helmet of Canguc {rN++ Str-5 Int+7}
   (You found it in the Dungeon)

   Str:       It affects your strength (-5).
   Int:       It affects your intelligence (+7).
   rN:        It greatly protects you from negative energy.
Jewellery
 x - a +6 ring of strength (left hand)
 y - a +6 ring of strength (right hand)
Wands
 z - a wand of mindburst (7)
 A - a wand of quicksilver (6)
Scrolls
 j - 4 scrolls of blinking
 o - 4 scrolls of amnesia
 p - 7 scrolls of butterflies
 q - 5 scrolls of identify
 r - 2 scrolls of fear
Potions
 d - 6 potions of might
 e - 9 potions of curing
 f - 10 potions of heal wounds
 g - 6 potions of haste
 h - 7 potions of magic
 i - 3 potions of berserk rage
 k - 2 potions of brilliance
 l - 2 potions of invisibility
 m - 4 potions of resistance
 n - a potion of experience
Miscellaneous
 u - a tin of tremorstones (2/2)
 B - a lightning rod (4/4)


   Skills:
 + Level 8.8 Fighting
 + Level 7.2 Axes
 + Level 10.7 Armour
 + Level 10.1 Shields


You had 6 spell levels left.
You didn't know any spells.
Your spell library was empty.

Dungeon Overview and Level Annotations

Branches:
Dungeon (1/1)

Altars:
Ashenzari
Cheibriados
Dithmenos
Elyvilon
Fedhas
Gozag
Hepliaklqana
Kikubaaqudgha
Makhleb
Nemelex Xobeh
Okawaru
Qazlal
Ru
Sif Muna
Trog
Uskayaw
Vehumet
Wu Jian
Xom
Yredelemnul
Zin
The Shining One
Jiyva
Lugonu

Annotations:
D 1 transporter


Innate Abilities, Weirdness & Mutations

You are completely covered in rugged brown scales. (AC +3, +7% HP)
Armour fits poorly on your strangely shaped body.
You have a long armoured tail.
You roll when moving toward enemies. (Rampage)
Your long tongue fully drains potion bottles. (2x potion effects)
Your tongue gives you trouble enunciating. (1.5x scroll delay)


Message History

You closely miss the deep elf knight. The +2 broad axe of draining hits you!
You partially resist.
You feel drained.
The deep elf knight points at you and mumbles some strange words.
You block the lance of force.
SHROANNG!
The deep elf archer shoots an arrow.
The arrow barely misses the deep elf knight.
GONNNNG!
You block the arrow.
You block the +2 broad axe of draining's attack.
BONNNG!
Your rust devil misses the deep elf knight.
Unknown command.
Unknown command.
A red film seems to cover your vision as you go berserk!
You feel yourself moving faster!
You feel mighty!
You block the +2 broad axe of draining's attack.
GONNNNG!
You block the deep elf knight's attack.
GONNNNG!
The deep elf knight points at you and mumbles some strange words.
The shard of ice hits you!! You partially resist.
* * * LOW HITPOINT WARNING * * *
The deep elf archer shoots an arrow.
The arrow completely misses the deep elf knight.
The arrow hits you but does no damage.
Your rust devil closely misses the deep elf knight.
Unknown command.
You closely miss the +2 broad axe of draining.
Your tail-slap misses the +2 broad axe of draining.
The +2 broad axe of draining is moderately damaged.
You barely miss the deep elf knight. You miss the deep elf knight.
The +2 broad axe of draining hits you!
* * * LOW HITPOINT WARNING * * *
You partially resist.
You feel drained.
* * * LOW HITPOINT WARNING * * *
The deep elf knight hits you but does no damage.
The deep elf knight gestures at you while chanting.
The lance of force hits you!
You die...

▓.....▓.....▓..©..▓
▓..©..▓..©..▓▓▓▓▓▓▓
▓▓▓▓▓▓▓▓▓▓▓▓▓▓▓▓▓▓▓
▓..8©8...▓..8©8...▓
▓..||[...▓..:)[...▓
▓........▓..|."...▓
▓........▓....e...▓
▓........▓..(e....▓
▓........▓.▓.@e4▓.▓
▓...©....▓...©....▓
▓▓▓▓▓▓▓▓▓▓▓▓▓▓▓▓▓▓▓


You could see a deep elf archer (repels missiles), 2 deep elf knights, a +2
broad axe of draining and a friendly rust devil (summoned).

Vanquished Creatures
  An air elemental (D)
  A golden eye (D)
  A naga (D)
  2 water moccasins (D)
  2 ice beasts (D)
  4 jellies (D)
  A white imp (D)
  A ball python (D)
  A jackal simulacrum (D)
14 creatures vanquished.

Notes
Turn   | Place    | Note
-------+----------+-------------------------------------------
     0 | D        | mhtbhm the Armataur Fighter began the quest for the Orb.
     0 | D        | Reached XP level 1. HP: 19/19 MP: 1/1
     0 | D        | Found a shimmering blue altar of Sif Muna.
     0 | D        | Found a bloodstained altar of Trog.
     0 | D        | Found a sacrificial altar of Ru.
     0 | D        | Found a stormy altar of Qazlal.
     0 | D        | Found an iron altar of Okawaru.
     1 | D        | Found a sparkling altar of Nemelex Xobeh.
     1 | D        | Found a blossoming altar of Fedhas.
     1 | D        | Found the +6 Majin-Bo {vamp, MP+6 Int+6}
     1 | D        | Found the +9 heavy crossbow "Sniper" {vorpal, Acc+∞ SInv}
     1 | D        | Found the +10 dark maul {vorpal}
     1 | D        | Found the +15 Maxwell's patent armour {-Cast -Tele rElec
                  | Will+ rCorr}
     1 | D        | Found the +18 shield of the Gong {rElec rN+ Will+ EV-5}
     1 | D        | Found the +14 obsidian axe {vorpal, Mesm Drain Fly SInv}
     1 | D        | Found the +7 great mace "Firestarter" {inner flame, rF++}
     1 | D        | Found the +6 shillelagh "Devastator" {shatter}
     1 | D        | Found the +11 plutonium sword {Contam Stlth-}
     1 | D        | Found the +8 lance "Wyrmbane" {slay drac, rPois rF+ rC+
                  | AC+3}
     1 | D        | Found the +9 sword of Zonguldrok {reap}
     1 | D        | Found the +13 scythe of Curses {drain, Drain}
     1 | D        | Found the +5 sword of Power {vorpal}
     1 | D        | Found the +7 mace of Variability {chain chaos}
     1 | D        | Found the +7 Singing Sword {vorpal, sonic wave}
     1 | D        | Found the +8 storm bow {elec, penet}
     3 | D        | Found a transporter.
     3 | D        | Found an ancient bone altar of Kikubaaqudgha.
     3 | D        | Found a viscous altar of Jiyva.
     3 | D        | Found a corrupted altar of Lugonu.
     3 | D        | Found a hazy altar of Hepliaklqana.
     3 | D        | Found a burning altar of Makhleb.
     3 | D        | Found an opulent altar of Gozag.
    46 | D        | Became a worshipper of Trog the Wrathful
    90 | D        | Entered arena 2.
    90 | D        | Noticed a jelly
    90 | D        | Noticed a jelly
    90 | D        | Found a transporter.
    92 | D        | Killed a jelly
    93 | D        | Reached skill level 5 in Armour
    93 | D        | Reached XP level 2. HP: 26/28 MP: 2/2
    93 | D        | Reached XP level 3. HP: 33/35 MP: 3/3
    94 | D        | Reached skill level 5 in Shields
   307 | D        | Entered arena 3.
   307 | D        | Noticed a golden eye
   307 | D        | Found a transporter.
   310 | D        | Reached * piety under Trog
   311 | D        | Reached skill level 5 in Fighting
   311 | D        | Reached XP level 4. HP: 42/44 MP: 4/4
   321 | D        | Killed a golden eye
   322 | D        | Reached XP level 5. HP: 54/54 MP: 5/5
   337 | D        | Entered arena 4.
   337 | D        | Noticed a water moccasin
   337 | D        | Noticed a naga
   337 | D        | Noticed a water moccasin
   337 | D        | Found a transporter.
   339 | D        | Killed a water moccasin
   339 | D        | Reached ** piety under Trog
   340 | D        | Reached skill level 5 in Axes
   340 | D        | Reached XP level 6. HP: 64/64 MP: 6/6
   340 | D        | Killed a naga
   343 | D        | Killed a water moccasin
   344 | D        | Reached skill level 10 in Armour
   344 | D        | Reached XP level 7. HP: 72/72 MP: 7/7
   346 | D        | Got the +0 helmet of Canguc {rN++ Str-5 Int+7}
   349 | D        | Entered arena 5.
   349 | D        | Found a transporter.
   352 | D        | Reached *** piety under Trog
   387 | D        | Entered arena 6.
   387 | D        | Noticed a deep elf knight
   387 | D        | Noticed a deep elf knight
   387 | D        | Noticed a deep elf archer
   387 | D        | Noticed a +2 broad axe of draining
   387 | D        | Noticed an air elemental
   387 | D        | Found a transporter.
   388 | D        | Paralysed by an air elemental for 1 turns
   390 | D        | Killed an air elemental
   390 | D        | Reached **** piety under Trog
   391 | D        | Reached skill level 10 in Shields
   393 | D        | Killed from afar by a deep elf knight

Illustrated notes

Levels and vault maps discovered:
D:        sprint_v [room_start, room_1, room_2, room_3, room_4, room_5, room_6,
          room_7, room_8, room_9, room_10, room_11, room_12, room_13, room_14,
          room_15, room_16, room_17, room_18, room_19, room_20, room_21,
          room_22, room_23, room_24, room_25, room_26, room_27]

Skill      XL: |  1  2  3  4  5  6  7 |
---------------+----------------------+-----
Fighting       | 4 5 6 7 8 |  8.8
Axes           | 2 3 4 5 6 7 |  7.2
Armour         | 5 7 8 9 10 | 10.7
Shields        | 4 6 7 8 9 10 | 10.1

Action                   |  1- 3 |  4- 6 |  7- 9 || total
-------------------------+-------+-------+-------++-------
Melee: Broad axe         |     4 |     7 |    10 ||    21
       Tailslap          |     1 |       |       ||     1
Invok: Berserk           |       |       |     1 ||     1
Evoke: Wand              |     1 |       |       ||     1
  Use: Potion            |     1 |       |       ||     1
Armor: Gold dragon scale |       |     2 |     7 ||     9
Block: Kite shield       |     2 |     6 |    19 ||    27

Table legend: (Time is in decaauts)
 A = Elapsed time spent in this place.
 B = Non-inter-level travel time spent in this place.
 C = Inter-level travel time spent in this place.
 D = Time resting spent in this place.
 E = Time spent auto-exploring this place.
 F = Levels seen in this place.
 G = Mean time per level.
                   A        B        C        D        E       F      G
               +--------+--------+--------+--------+--------+-----+--------+
         Total |    400 |    400 |      0 |    226 |      0 |   1 |  400.0 |
       Dungeon |    400 |    400 |      0 |    226 |      0 |   1 |  400.0 |
               +--------+--------+--------+--------+--------+-----+--------+

Top non-repeatable levels by time:
       D: 400 daAuts
